Plume, neutral female human Valkyrie --------------- ##..............| # |.............| ----- ### |.............| |.#.| ------- # # ...............## #-..)| ##......+ ### |.............| # ###|...| # |.....| # # --------------- #######-...| ### |>....| ### ### -|--- # |......# # # ### |.....|# ### # -------------- # -------# # # |.............### # ### # |............| # ### # |.......P....P@##################------# ----|------ # |............| ### |.<...#########..........| ----.---- |.............################ |....|# |.......... ##-.......| -------------- |....|# |.........| # |.{..`..| ------# |.........-### |......>| ######## ----------- --------- Plume the Skirmisher Experience level: 5 Strength: 17 Dexterity: 15 Constitution: 18 Intelligence: 7 Wisdom: 8 Charisma: 10 Health: 0(52) Energy: 15(15) Def: 14 Gold: 789 Moves: 2147 Dungeon seed: XrQMtnq7wqVz4Zqm Game ID: Plume_1525371825 Your Inventory: Coins $ - 789 gold pieces Weapons b - a +0 dagger u - the rustproof +0 Mjollnir (weapon in hand) O - 3 cursed -2 daggers (in quiver) R - a +1 elven dagger Armor e - a blessed +3 small shield (being worn) n - an uncursed +0 pair of speed boots (being worn) r - an uncursed +0 elven cloak (being worn) x - a cursed -1 Hawaiian shirt y - an uncursed +0 dwarvish mithril-coat (being worn) z - an uncursed +0 dwarvish iron helm (being worn) Comestibles d - 5 uncursed food rations h - 2 uncursed lichen corpses j - an uncursed egg B - 2 cursed cram rations D - 2 cursed tins of jackal meat J - a cursed sprig of wolfsbane K - a blessed tin of gnome meat L - 2 cursed lichen corpses Potions P - a cursed potion of gain energy Wands c - a wand of cold (0:5) A - a wand of nothing (0:0) F - a wand of digging (0:6) M - a cursed wand of light (0:11) Tools f - an uncursed oil lamp (0:1061) i - an uncursed tallow candle (0:200) q - an uncursed stethoscope Gems N - 2 uncursed worthless pieces of blue glass Q - an uncursed worthless piece of yellow glass Y - an uncursed worthless piece of black glass Spells and supernatural/magical abilities: Name Level Category Fail Memory m - magic missile 2 attack 100% 100% W - pray for help -- divine ? -- Your skills at the end: Miscellaneous Skills shield [Basic] wands [Basic] Weapon Skills dagger [Basic] hammer [Skilled] Spellcasting Skills Final Attributes: You were devoutly aligned. You were cold resistant. Your writing hand was ok. You were somewhat stealthy. You could fly. You were very fast. You were lucky. You are dead. Vanquished creatures: a ghost 2 small mimics a giant beetle 2 leprechauns a gnome king a dingo a housecat a bugbear 2 shriekers 7 gnome lords a gnomish wizard a black naga hatchling a floating eye 9 dwarves a homunculus an iguana a rothe a giant bat a monkey 2 orc zombies a hobbit 2 giant rats a green mold a red mold 34 gnomes 3 jackals a kobold a newt 2 goblins 3 grid bugs 3 lichens 90 creatures vanquished. Voluntary challenges: You did not adorn yourself with jewelry or accessories. You did not cause conflict. You were not invisible. You did not have reflection. You were not displaced. You used a wielded weapon 137 times, starting on turn 10. You did not apply a unicorn horn. You did not use plumbed fixtures. You did not drink any magical draughts. You read items or engraved 3 times, starting on turn 1846. You never genocided any monsters. You never polymorphed an object. You never changed form. You used no wishes. You split 3 puddings, starting on turn 2115. You wrote Elbereth's name 1 time, starting on turn 1846. You never violated your personal moral code. Dungeon overview: The Dungeons of Doom: levels 1 to 3 Level 1 a long staircase Level 2 <- You were here a fountain, a sink stairs to The Gnomish Mines Level 3 The Gnomish Mines: levels 3 to 8 Level 3 stairs to The Dungeons of Doom Level 4 Level 5 some shops, a temple to Odin, a magic chest, some fountains Level 6 Level 7 Level 8 History has recorded: On T:1 you entered the Dungeons of Doom to retrieve the Amulet of Yendor! On T:154 you reached level 2 of The Dungeons of Doom. On T:468 you reached level 3 of The Dungeons of Doom. On T:469 you advanced to experience level 2. On T:583 you reached level 1 of The Gnomish Mines. On T:610 you advanced to experience level 3. On T:814 you advanced to experience level 4. On T:878 you reached level 2 of The Gnomish Mines. On T:973 you advanced to experience level 5. On T:1104 you reached level 4 of The Gnomish Mines. On T:1136 you reached level 5 of The Gnomish Mines. On T:1227 you advanced to experience level 6. On T:1296 you reached level 3 of The Gnomish Mines. On T:1374 you entered the Minetown temple On T:1386 you opened a magic chest. On T:1593 you advanced to experience level 7. On T:1654 you received Mjollnir from Odin. On T:1843 you reached level 6 of The Gnomish Mines. Score breakdown: Gold: 789 ( 78 points) Experience: 5 levels ( 400 points) Exploration: 8 levels ( 210 points) Discoveries: 10 items ( 500 points) Variety of kills: 31 monsters ( 1550 points) Major goal: reached Minetown ( 500 points) Survival: died (score multiplied by 3) Total score: 9714 Latest messages: Something rather strange happens as the black pudding divides. Your Mjollnir is not affected. The blood pudding bites! The massive hammer hits the black pudding. Something rather strange happens as the black pudding divides. Your Mjollnir is not affected. The blood pudding bites! The black pudding misses. You hear the splashing of a naiad. You finish searching. You stop running. The massive hammer hits the blood pudding. The blood pudding divides as you hit it! Farvel level 7. You feel slow! You miss the blood pudding. The blood pudding bumps right into you! The blood pudding bites! You miss the blood pudding. The blood pudding bites! The massive hammer hits the blood pudding. The blood pudding divides as you hit it! Farvel level 6. You miss the blood pudding. The blood pudding bites! You die... Final status: Farvel Plume the Valkyrie, killed by a blood pudding... You died in The Dungeons of Doom on dungeon level 2 with 9714 points, and 789 pieces of gold, after 2147 moves. You were level 5 with a maximum of 52 hit points when you died.